 Dungeon Crawl Stone Soup version 0.31.0-1-g2c135a008e (webtiles) character file.

Game seed: 13325808803026070023

575 qw the Shooter (level 7, -1/52 HPs)
             Began as a Djinni Hunter on Jan 23, 2024.
             Slain by an iguana (8 damage)
             ... on level 4 of the Dungeon.
             The game lasted 00:00:12 (2971 turns).

qw the Shooter (Djinni Hunter)                      Turns: 2971, Time: 00:00:13

Health: -1/52      AC:  5    Str: 10    XL:     7   Next: 61%
Gold:   249        EV: 11    Int: 11    God:
                   SH:  0    Dex: 18

rFire   + + .        a - +1 shortbow
rCold   x . .        (shield currently unavailable)
rNeg    . . .        k - +0 ring mail
rPois   inf          (no helmet)
rElec   .            (no cloak)
rCorr   .            (no gloves)
SInv    .            (boots unavailable)
Will    +....        (no amulet)
Stlth   +            j - ring of willpower
HPRegen 0.28/turn    (no ring)
MPRegen 0.00/turn

%: infuse magic (-2 HP)
@: flying
A: sickness immunity, fire resistance 2, cold vulnerability 1, float, innate
caster, HP casting, extra vitality 1
a: no special abilities


You were on level 4 of the Dungeon.
You visited 1 branch of the dungeon, and saw 4 of its levels.

You collected 249 gold pieces.


Innate Abilities, Weirdness & Mutations

You are immune to sickness and miasma.
You are immune to poison.
Your flesh is very heat resistant. (rF++)
You are vulnerable to cold. (rC-)
You float through the air rather than walking.
You learn spells naturally, not from books.
Your magical power is your life essence.
You have superior vitality. (+4 MHP)


   Skills:
 - Level 4.0 Fighting
 + Level 6.0 Ranged Weapons
 - Level 1.4 Armour
 - Level 3.3 Dodging
 - Level 0.7 Stealth


You knew the following spells:

 Your Spells              Type           Power      Damage    Failure   Level
a - Foxfire               Conj/Fire      0%         2x1d4     65%         1
b - Static Discharge      Conj/Air       0%         3-3/arc   80%         2
c - Fugue of the Fallen   Necr           0%         N/A       95%         3
Your spell library was empty.

Inventory:

Hand Weapons
 a - a +1 shortbow (weapon)
Armour
 k - a +0 ring mail (worn)
Jewellery
 b - the ring "Fiehiam" {Fire *Corrode rElec rN+ Int+4}
   (You acquired it on level 3 of the Dungeon)

   [ring of fire]

   Fire:      It enhances your fire magic.
   Int+4:     It affects your intelligence (+4).
   rF+:       It protects you from fire.
   rC-:       It makes you vulnerable to cold.
   rElec:     It insulates you from electricity.
   rN+:       It protects you from negative energy.
   *Corrode:  It may corrode you when you take damage.
 g - a +6 ring of dexterity
 j - a ring of willpower (left hand)
Wands
 c - a wand of flame (25)
Potions
 d - a potion of curing
 e - a potion of might {unknown}
 f - a potion of resistance
 h - a potion of haste {unknown}
 i - a potion of ambrosia {unknown}

Dungeon Overview and Level Annotations

Branches:
Dungeon (4/15)
 Temple: D:4-7

Altars:


Message History

You shoot an arrow.
The arrow hits the adder but does no damage.
The adder is heavily wounded.
You shoot an arrow. The arrow hits the adder.
You kill the adder!
You see here an adder corpse.
You reach down and open the door.
There is an open door here.
You now have 249 gold pieces (gained 11).
You reach down and open the door.
There is an open door here.
A giant cockroach comes into view.
Enter note:
Enter note:
Enter note: You shoot an arrow.
The arrow hits the giant cockroach!
You kill the giant cockroach!
An iguana comes into view.
The iguana hisses angrily.
You shoot an arrow.
The arrow hits the iguana but does no damage.
You shoot an arrow. The arrow hits the iguana!
The iguana is heavily wounded.
An iguana is nearby!
You shoot an arrow. The arrow closely misses the iguana.
The iguana hisses menacingly.
You shoot an arrow. The arrow completely misses the iguana.
The iguana bites you! x2
You shoot an arrow. The arrow closely misses the iguana.
The iguana bites you!
You shoot an arrow.
The arrow hits the iguana but does no damage.
The iguana is heavily wounded.
The iguana bites you.
You shoot an arrow. The arrow hits the iguana.
The iguana is heavily wounded.
The iguana bites you!
You shoot an arrow. The arrow barely misses the iguana.
The iguana bites you!
You die...

##.......#
#..........##...
..........# ....
.........## #...
.........# ...
..........# #..
..........# #..
..........# #l##
#######
..........# #@#
#####.....#
..........#
#.####.........#
..........##
#..............##
...........#
#.#######'##...%#
...........#
#.#........#....#
.#......8..#
#.#........#...##
..####.....#
#.#........#...#
...###.....#
#.#........#..##
##.....#.###
#.#........#.##


You could see an iguana.

Vanquished Creatures
  A water moccasin zombie (D:4)
  2 bombardier beetles (D:3)
  A centaur zombie (D:4)
  A centaur skeleton (D:4)
  Natasha (thrice) (D:2)
  3 scorpion zombies (D:4)
  4 hound zombies (D:4)
  A hound skeleton (D:4)
  5 gnolls
  6 adders
  2 adder zombies (D:4)
  3 dart slugs
  An orc (D:3)
  4 endoplasms
  5 giant cockroaches
  8 goblins
  8 hobgoblins
  5 quokkas
  2 ball pythons (D:1)
  4 bats
  4 frilled lizards
  4 kobolds
  8 rats
85 creatures vanquished.

Notes
Turn   | Place    | Note
-------+----------+-------------------------------------------
     0 | D:1      | qw the Djinni Hunter began the quest for the Orb.
     0 | D:1      | Reached XP level 1. HP: 18/18 MP: 0/0
     0 | D:1      | 0 ||| qw: Version: 0.3-a-136-gdd3b4e8
     0 | D:1      | 0 ||| qw: Game counter: 979
     0 | D:1      | 0 ||| qw: Melee chars always use a shield: true
     0 | D:1      | 0 ||| qw: God list: Okawaru
     0 | D:1      | 0 ||| qw: Allow faded altars: false
     0 | D:1      | 0 ||| qw: Do Orc after clearing Dungeon:15 true
     0 | D:1      | 0 ||| qw: Do second Lair branch before Depths: true
     0 | D:1      | 0 ||| qw: Lair rune preference: random
     0 | D:1      | 0 ||| qw: Goals: Normal
     0 | D:1      | 0 ||| PLANNING D:1-11
    67 | D:1      | Reached XP level 2. HP: 23/23 MP: 0/0
   194 | D:1      | Reached skill level 4 in Ranged Weapons
   194 | D:1      | Reached XP level 3. HP: 28/28 MP: 0/0
   194 | D:1      | Learned a level 1 spell: Foxfire
   737 | D:1      | 737 ||| READING 2 scrolls labelled PUENNI VIENAHE.
   737 | D:1      | 737 ||| IDENTIFYING ruby potion
   738 | D:1      | 738 ||| READING scroll of identify.
   738 | D:1      | 738 ||| IDENTIFYING pink potion
   739 | D:1      | 739 ||| READING scroll labelled FOSHIL EFFIA.
   739 | D:1      | 739 ||| ENCHANTING +0 shortbow.
   740 | D:1      | 740 ||| READING scroll labelled QUETAR TIROXTOOT.
   841 | D:1      | 841 ||| DRINKING 2 fuming red potions.
   842 | D:1      | 842 ||| DROPPING scroll of butterflies.
   855 | D:2      | Found a faded altar of an unknown god.
   855 | D:2      | Noticed Natasha
   859 | D:2      | Killed Natasha
   860 | D:2      | Reached skill level 3 in Fighting
   860 | D:2      | Reached XP level 4. HP: 35/35 MP: 0/0
   865 | D:2      | 865 ||| FLEEEEING.
  1162 | D:2      | Noticed Natasha
  1168 | D:2      | Killed Natasha
  1169 | D:2      | Reached skill level 3 in Dodging
  1169 | D:2      | Reached XP level 5. HP: 32/40 MP: 0/0
  1169 | D:2      | Learned a level 2 spell: Static Discharge
  1315 | D:2      | Noticed Natasha
  1320 | D:2      | Killed Natasha
  1506 | D:2      | 1506 ||| UPGRADING to +0 ring mail.
  1516 | D:2      | 1516 ||| DROPPING +0 leather armour.
  1517 | D:2      | 1517 ||| UPGRADING to ring of willpower.
  1518 | D:2      | 1518 ||| READING scroll of identify.
  1518 | D:2      | 1518 ||| IDENTIFYING scroll labelled EHUAPA YRIAMAE
  1519 | D:2      | 1519 ||| READING scroll labelled JOIBLOPN BUSTO.
  1520 | D:2      | 1520 ||| READING scroll labelled FACVUS ZAIQAWK.
  1521 | D:2      | 1521 ||| DROPPING scroll of torment.
  1565 | D:3      | Reached skill level 1 in Armour
  1571 | D:3      | Reached XP level 6. HP: 46/46 MP: 0/0
  2156 | D:3      | 2156 ||| READING scroll labelled QIOMEO DYCA.
  2157 | D:3      | 2157 ||| READING scroll labelled UCKUCE MAGERCH.
  2157 | D:3      | Identified a scroll of acquirement
  2157 | D:3      | 2157 ||| ACQUIRING ring "Fiehiam" {Fire *Corrode rElec rN+
                  | Int+4}
  2157 | D:3      | Acquired the ring "Fiehiam" {Fire *Corrode rElec rN+ Int+4}
  2208 | D:4      | HP: 7/46 [water moccasin zombie (5)]
  2209 | D:4      | Reached skill level 5 in Ranged Weapons
  2209 | D:4      | 2209 ||| DRINKING potion of heal wounds.
  2419 | D:4      | Reached XP level 7. HP: 39/52 MP: 0/0
  2419 | D:4      | Learned a level 3 spell: Fugue of the Fallen
  2435 | D:4      | 2435 ||| FLEEEEING.
  2436 | D:4      | 2436 ||| FLEEEEING.
  2886 | D:4      | Reached skill level 6 in Ranged Weapons
  2970 | D:4      | HP: 7/52 [iguana (12)]
  2971 | D:4      | Slain by an iguana

Levels and vault maps discovered:
D:1:      dpeg_arrival_short_road, layout_basic
D:2:      layout_rooms, basic_ecumenical_altar, kennysheep_pointless_box,
          uniq_natasha
D:3:      layout_loops_ring
D:4:      layout_cave_pods, lemuel_coloured_pillars_altar, serial_undead,
          serial_undead_c, serial_undead_d, serial_undead_f, serial_undead_b,
          serial_undead_d, serial_undead_e, serial_undead_e,
          chequers_serial_rivers_micro_e, minivault_25

Skill      XL: |  1  2  3  4  5  6  7 |
---------------+----------------------+-----
Ranged Weapons | 4 5 6 |  6.0
Fighting       | 3 4 |  4.0
Dodging        | 3 |  3.3
Armour         | 1 |  1.4
Stealth        | |  0.7

Action                     |  1- 3 |  4- 6 |  7- 9 || total
---------------------------+-------+-------+-------++-------
   Fire: Shortbow          |    56 |   139 |   105 ||   300
    Use: Scroll            |     4 |     5 |       ||     9
         Potion            |     1 |     1 |       ||     2
 Armour: Leather armour    |     3 |     6 |       ||     9
         Ring mail         |       |    78 |    32 ||   110
  Dodge: Dodged            |     6 |    65 |    17 ||    88

Table legend:
 A = Non-vault XP
 B = Vault XP
 C = Vault XP percentage of total XP
 D = Non-vault monster count
 E = Vault monster count
 F = Vault count percentage of total count
                 A         B        C        D         E       F
            +---------+---------+-------+---------+---------+-------
      Total |     409 |     413 |  50.2 |      71 |      14 |  16.5
            +---------+---------+-------+---------+---------+-------
        D:1 |      55 |       0 |   0.0 |      23 |       0 |   0.0
        D:2 |     112 |      35 |  23.8 |      16 |       1 |   5.9
        D:3 |     144 |       0 |   0.0 |      19 |       0 |   0.0
        D:4 |      98 |     378 |  79.4 |      13 |      13 |  50.0
            +---------+---------+-------+---------+---------+-------
